AoeStats
← MilanesaDe_Pollo

MegaRandom

507873173Analyzed
3v3 RM · 11d ago on Sep 20, 2026· 62m 49s· 6 players
Game mode
Random Map
Map size
Normal (6 player)
Population
200
Speed
Normal
Resources
Standard
Victory
Conquest
Starting age
Dark Age
Ending age
Imperial Age
RankedLock teamsTeams togetherTeam positionsShared explorationLock speedFull tech treeHidden civsTurbo modeCheats
Victory
Defeat
🇦🇷 Spanish · Argentina
946
+14
🇦🇷 Vietnamese · Argentina
945
+14
🇦🇷 Poles · Argentina
942
+14
🇨🇦 Huns · Canada
910
-14
🇲🇽 Byzantines · Mexico
898
-14
🇺🇸 Ethiopians · United States
891
-14
bugout
0:34 Loom
11:46 Feudal Age
21:54 Castle Age
20:53 Fletching
21:04 Padded Archer Armor
20:57 Double-Bit Axe
20:55 Horse Collar
26:43 Bodkin Arrow
27:45 Ballistics
29:03 Murder Holes
31:46 Gold Mining
35:16 Leather Archer Armor
36:00 Wheelbarrow
35:29 Heavy Plow
38:43 Gold Shaft Mining
38:26 Hand Cart
38:50 Town Watch
42:29 Imperial Age
40:03 Town Patrol
41:04 Masonry
40:48 Stone Mining
42:33 Heavy Cavalry Archer
43:40 Parthian Tactics
43:10 Cavalier
43:51 Husbandry
44:01 Bloodlines
47:13 Paladin
48:08 Elite Skirmisher
56:06 Light Cavalry
57:01 Capped Ram
58:11 Pikeman
58:52 Squires
58:32 Siege Ram
Silicio14Si
7:50 Loom
12:53 Feudal Age
17:52 Castle Age
16:32 Forging
17:20 Scale Mail Armor
18:42 Pikeman
25:37 Double-Bit Axe
26:49 Horse Collar
32:09 Imperial Age
30:23 Wheelbarrow
29:34 Elite Skirmisher
30:32 Chain Mail Armor
31:36 Fletching
33:31 Ballistics
33:52 Iron Casting
33:14 Bodkin Arrow
36:14 Scale Barding Armor
36:59 Bracer
37:26 Heavy Plow
38:57 Chemistry
37:51 Gold Mining
38:22 Hand Cart
38:47 Conscription
39:52 Bow Saw
41:24 Thumb Ring
43:05 Squires
42:26 Halberdier
43:44 Plate Mail Armor
43:35 Chain Barding Armor
44:16 Arson
47:02 Hoardings
47:08 Gold Shaft Mining
46:39 Onager
48:47 Ballistics
48:59 Elite Cataphract
49:57 Logistica
51:36 Plate Barding Armor
51:44 Stone Mining
53:44 Crop Rotation
54:40 Two-Man Saw
53:50 Husbandry
53:12 Light Cavalry
54:20 Caravan
54:55 Hussar
kaiju
2:49 Loom
12:54 Feudal Age
14:27 Wheelbarrow
14:07 Double-Bit Axe
18:40 Castle Age
18:30 Horse Collar
19:00 Gold Mining
21:43 Gold Shaft Mining
22:14 Bow Saw
21:52 Crossbowman
22:47 Stone Mining
25:39 Heavy Plow
26:19 Stone Shaft Mining
31:17 Hand Cart
33:50 Imperial Age
31:26 Town Watch
31:33 Fletching
31:44 Padded Archer Armor
32:08 Ballistics
32:04 Thumb Ring
32:21 Forging
32:12 Scale Mail Armor
32:31 Bodkin Arrow
32:59 Squires
32:46 Arson
34:59 Leather Archer Armor
35:16 Bracer
35:27 Halberdier
36:53 Caravan
36:41 Arbalester
37:53 Ring Archer Armor
38:44 Chain Mail Armor
39:38 Chemistry
39:42 Iron Casting
39:14 Town Patrol
40:07 Conscription
42:51 Blast Furnace
42:21 Plate Mail Armor
43:12 Two-Man Saw
43:53 Masonry
44:48 Elite Skirmisher
45:34 Cavalier
46:34 Scale Barding Armor
47:47 Husbandry
53:38 Heavy Camel Rider
54:34 Royal Heirs
55:19 Heavy Scorpion
56:08 Torsion Engines
MilanesaDe_Pollo
11:20 Loom
14:00 Feudal Age
18:04 Castle Age
16:58 Stone Mining
20:56 Double-Bit Axe
26:43 Horse Collar
29:15 Gold Mining
31:49 Ballistics
33:51 Wheelbarrow
33:01 Town Watch
34:17 Inquisition
37:44 Imperial Age
35:02 Pikeman
35:46 Squires
35:31 Arson
36:06 Fletching
36:22 Scale Barding Armor
36:28 Forging
36:57 Elite Skirmisher
38:34 Hand Cart
38:20 Town Patrol
39:32 Bodkin Arrow
39:38 Padded Archer Armor
40:15 Iron Casting
39:06 Halberdier
40:35 Imperial Skirmisher
42:02 Bracer
41:44 Capped Ram
44:35 Elite Conquistador
46:17 Blast Furnace
45:17 Scale Mail Armor
52:26 Siege Ram
56:15 Heavy Plow
55:51 Light Cavalry
56:42 Bloodlines
56:46 Husbandry
56:45 Hussar
dott1
12:32 Feudal Age
12:47 Loom
14:35 Double-Bit Axe
15:09 Horse Collar
17:48 Scale Mail Armor
22:26 Castle Age
23:59 Gold Mining
24:20 Pikeman
28:27 Fletching
27:59 Elite Skirmisher
30:01 Bodkin Arrow
31:10 Wheelbarrow
30:43 Stone Mining
31:20 Town Watch
32:23 Bow Saw
35:08 Forging
34:59 Padded Archer Armor
37:36 Iron Casting
37:56 Leather Archer Armor
38:05 Heavy Plow
40:07 Stone Shaft Mining
43:02 Imperial Age
42:07 Chain Mail Armor
43:06 Scale Barding Armor
43:26 Ballistics
43:26 Imperial Skirmisher
46:04 Chemistry
45:54 Bracer
47:52 Hand Cart
49:37 Two-Man Saw
49:09 Ring Archer Armor
49:42 Town Patrol
51:51 Thumb Ring
51:52 Elite Rattan Archer
57:28 Caravan
57:20 Halberdier
60:10 Squires
santiagosservin
8:52 Loom
12:10 Feudal Age
13:09 Double-Bit Axe
15:01 Horse Collar
18:44 Bloodlines
21:12 Wheelbarrow
26:25 Castle Age
27:42 Hand Cart
28:25 Light Cavalry
29:06 Husbandry
34:59 Imperial Age
34:53 Forging
34:48 Scale Barding Armor
34:26 Elite Skirmisher
35:23 Fletching
37:58 Conscription
38:10 Heavy Plow
38:22 Bow Saw
39:13 Iron Casting
38:58 Chain Barding Armor
39:07 Bodkin Arrow
40:35 Chain Barding Armor
41:06 Bracer
40:54 Imperial Skirmisher
41:40 Thumb Ring
42:41 Bracer
42:41 Padded Archer Armor
44:21 Leather Archer Armor
50:22 Winged Hussar
52:50 Blast Furnace
52:10 Chain Barding Armor
52:50 Blast Furnace
52:10 Chain Barding Armor
52:05 Pikeman
52:46 Squires
52:31 Arson
55:27 Chain Barding Armor
57:18 Hoardings
Connection lost

Rejoining the realm…

Still unreachable

The connection could not be restored.

Session expired

The server has moved on; the page needs a fresh start.